Cogmind - Beta 15 @@@ ROGUE MODE // 2025.06.01 @ 21:21:53 Player: Jammed Result: Destroyed by P-70 Sage with High-powered Shock Rifle Performance ------------- Evolutions (6) 3000 Regions Visited (18) 3600 Robots Destroyed (349) 1745 Value Destroyed (14504) 14504 Prototype IDs (29) 580 Alien Tech Used (0) 0 Bonus (7942) 7942 TOTAL SCORE: 31371 Bonus ------- High Alert Combat Kills 686 Follower Combat Kills 1651 Network Hubs Disabled 400 Met Warlord at Base 500 MAIN.C Attacked Warlord 500 Warlord Defense Kills 3524 Built Enhanced Grunts 300 A7 Reached Mainframe 300 Met R17 at Cetus 500 Friendly Fire -419 Cogmind --------- Core Integrity 0/1150 Matter 103/300 Energy 67/100 System Corruption 25% Temperature Cool (0) Movement Core (50) Location -4/Armory Parts ------- > --- POWER (2) -------- (None) > --- PROPULSION (5) --- (None) > --- UTILITY (8) ------ (None) > --- WEAPON (4) ------- (None) > --- INVENTORY (5) ---- Matter Compressor (0) Improved Focal Shield System Mapper Long-range Tractor Beam HERF Cannon Peak State ------------ > --- POWER ------------ Light Antimatter Reactor Antimatter-Fusion Reactor > --- PROPULSION ------- Hovering Gravjet Exoskeleton > --- UTILITY ---------- Armored Scrap Engine Advanced Coolant Injector Large Storage Unit Spectral Analyzer Advanced Signal Interpreter Advanced Reaction Control System Advanced Hacking Suite > --- WEAPON ----------- Light Antimatter Cannon Compact Linear Accelerator Energy Quantum Construct/C Hpw. Kinetic Nova Construct/C > --- INVENTORY -------- Experimental Heat Sink Matter Compressor Advanced Sensor Array Advanced Particle Charger Advanced Transmission Jammer Centrium Medium Armor Plating Improved Focal Shield Experimental Thermal Shield System Mapper Long-range Tractor Beam HERF Cannon Vortex Cannon Vortex Cannon Long-range Missile Launcher Multitool [Rating: 157] Favorites ----------- Power Constructs Engine Heavy Ion Engine Power Core Light Nuclear Core Reactor Constructs Propulsion Constructs Treads Biometal Heavy Treads Leg Aluminum Leg Wheel Compact Wheel Hover Unit Constructs Flight Unit Impulse Thruster Array Utility Large Storage Unit Device Advanced Heat Sink Storage Large Storage Unit Processor Advanced Targeting Computer Hackware Advanced Hacking Suite Protection Light Armor Plating Weapon Constructs Energy Gun Constructs Energy Cannon Constructs Ballistic Gun Enhanced Autogun Ballistic Cannon Constructs Launcher Long-range Missile Launcher Special Weapon Mining Laser Build | -11 -10 -10 -10 -8 -8 -8 -6 -6 -6 -6 -6 -5 -5 -5 -5 -4 -4 -4 ------- Run | Yrd Mat Min Sub Mat Sto Rec Fac Ext Cet Arc Hub Fac Upp Upp War Pro Fac Arm Slots Evolved 12 | . . . . 4 . . 4 . . . . 2 . . . . 2 . Power 1 | . . . . . . . . . . . . . . . . . 1 . Propulsion 3 | . . . . 2 . . 1 . . . . . . . . . . . Utility 6 | . . . . 2 . . 2 . . . . 1 . . . . 1 . Weapon 2 | . . . . . . . 1 . . . . 1 . . . . . . Parts Attached 163 | 1 14 . 7 24 29 4 13 2 5 3 11 12 1 1 10 . 12 14 Power 21 | . 4 . 1 3 4 1 . . . . . . . . 1 . 1 6 Engine 10 | . 3 . 1 1 3 1 . . . . . . . . . . . 1 Core 4 | . 1 . . 2 1 . . . . . . . . . . . . . Reactor 7 | . . . . . . . . . . . . . . . 1 . 1 5 Propulsion 28 | . 4 . . 7 9 2 2 . . . . . . . . . . 4 Treads 2 | . . . . . . . 1 . . . . . . . . . . 1 Leg 22 | . 4 . . 7 9 1 . . . . . . . . . . . 1 Wheel 2 | . . . . . . 1 1 . . . . . . . . . . . Hover . | . . . . . . . . . . . . . . . . . . . Flight 2 | . . . . . . . . . . . . . . . . . . 2 Utility 76 | 1 3 . 3 9 8 1 10 2 5 3 8 6 . 1 6 . 7 3 Device 40 | 1 . . 1 4 3 1 5 2 2 3 4 3 . 1 3 . 5 2 Storage 6 | . 3 . . . . . 1 . 1 . 1 . . . . . . . Processor 10 | . . . . . 1 . 1 . . . 1 2 . . 3 . 1 1 Hackware 2 | . . . . . . . . . 1 . . . . . . . 1 . Protection 18 | . . . 2 5 4 . 3 . 1 . 2 1 . . . . . . Artifact . | . . . . . . . . . . . . . . . . . . . Weapon 38 | . 3 . 3 5 8 . 1 . . . 3 6 1 . 3 . 4 1 Energy Gun 3 | . . . 1 . 1 . . . . . 1 . . . . . . . Energy Cannon 7 | . . . . 1 . . 1 . . . 1 1 . . 1 . 1 1 Ballistic Gun 11 | . . . . 2 6 . . . . . . 2 . . 1 . . . Ballistic Cannon 13 | . 3 . 2 . 1 . . . . . . 3 1 . 1 . 2 . Launcher 2 | . . . . 1 . . . . . . 1 . . . . . . . Special Weapon 2 | . . . . 1 . . . . . . . . . . . . 1 . Impact Weapon . | . . . . . . . . . . . . . . . . . . . Slashing Weapon . | . . . . . . . . . . . . . . . . . . . Piercing Weapon . | . . . . . . . . . . . . . . . . . . . Special Melee Weapon . | . . . . . . . . . . . . . . . . . . . Unidentified Prototypes 22 | . 1 . . . 3 1 . . 3 . 1 4 . . 8 . 1 . Parts Lost 51 | . 1 . 4 3 7 . 1 . . . 3 5 . . 2 1 4 20 Power 12 | . 1 . 1 1 . . . . . . 1 1 . . 1 . . 6 Propulsion 8 | . . . . . 3 . . . . . . . . . . . . 5 Utility 16 | . . . 2 2 4 . . . . . . 1 . . . 1 2 4 Weapon 15 | . . . 1 . . . 1 . . . 2 3 . . 1 . 2 5 Highest Loss Streak 14 | . 1 . 2 1 4 . 1 . . . 2 3 . . 2 1 2 14 To Critical Strikes 2 | . . . 1 . . . . . . . . . . . . . . 1 Average Backups 12 | 6 9 15 5 14 14 12 14 14 14 14 14 14 14 15 14 13 14 14 Power . | 1 . 1 . . . 1 . . . . . . . . . . . . Propulsion 2 | 4 4 5 1 3 2 1 1 2 2 2 2 1 1 1 . . . . Utility 6 | . 1 4 1 4 4 4 9 10 9 9 9 8 9 9 8 7 8 8 Weapon 3 | 1 3 4 . 4 5 4 2 1 2 2 1 3 3 4 4 5 5 4 Tool/Special . | . . . . . . . . . . . . . . . . . . . Unused Backups 49 | . 11 1 3 1 3 2 8 1 1 . 3 5 2 . 1 . 2 5 Power 2 | . . . . . . . 1 . . . 1 . . . . . . . Propulsion 14 | . 6 1 1 . 2 1 2 . . . . 1 . . . . . . Utility 19 | . 2 . 2 1 . . 3 . 1 . 1 2 . . 1 . 2 4 Weapon 14 | . 3 . . . 1 1 2 1 . . 1 2 2 . . . . 1 Tool/Special . | . . . . . . . . . . . . . . . . . . . Average Slot Usage (%) 76 | . 99 100 80 97 97 82 66 65 65 66 63 65 67 70 69 69 71 60 Engine 4 | . 13 14 10 4 7 8 2 . . . . . . . . . . 2 Reactor 2 | . . . . . . . . 5 1 6 5 3 5 5 4 5 9 2 Treads 1 | . . . . . . . 1 . 1 6 6 4 . . . . . . Leg 13 | . 28 28 28 35 35 21 3 1 . . . . 4 5 3 . . . Device 15 | . 14 14 3 17 11 18 16 19 19 20 18 16 17 17 13 10 14 19 Storage 6 | . 14 14 1 9 9 9 6 6 6 6 6 5 5 5 5 5 5 4 Processor 4 | . . . . . 3 . 1 6 6 6 6 8 11 11 11 11 10 9 Protection 3 | . . . 9 8 9 3 6 . . . . 2 . . 1 5 2 . Energy Gun 2 | . . . . . . . 2 3 6 4 1 9 8 11 6 . . 3 Energy Cannon 2 | . . . . 1 . 1 1 3 1 13 8 . 5 5 5 5 8 3 Ballistic Gun 7 | . 10 . . 3 16 14 9 8 11 1 6 7 . . 2 11 5 1 Ballistic Cannon 7 | . 17 28 26 12 . 1 2 2 . . . . 4 5 6 5 5 6 Peak Build Rating 157 | 7 15 15 17 27 39 54 76 82 96 97 101 103 100 98 135 139 157 155 Average Rating 60 | 6 9 15 13 21 34 43 65 80 85 96 91 96 93 96 110 133 149 126 On Entrance 69 | 6 7 15 15 13 27 37 45 75 80 97 97 86 100 97 97 132 139 151 Naked Turns 14 | . . . . . . . . . . . . . . . . . . 14 Heaviest Build 92 | 12 37 37 37 43 46 46 57 51 43 47 53 61 64 63 70 70 92 80 Greatest Support 194 | 20 26 26 26 49 62 69 141 118 118 118 118 139 139 139 194 172 172 172 Greatest Overweight (x) 2 | . 1 1 1 . . 2 1 . . . . . . . . . . 2 Average Overweight (x) . | . . 1 . . . . . . . . . . . . . . . . Largest Inventory Capacity 15 | 8 15 15 15 15 15 15 15 15 15 15 15 15 15 15 15 15 15 15 Average Capacity 13 | 8 10 15 6 15 15 15 15 15 15 15 15 15 15 15 15 15 15 14 Most Carried 15 | 7 15 15 15 15 15 15 15 15 15 15 15 15 15 15 15 14 15 15 Average Carried 12 | 6 9 14 5 14 14 12 14 14 14 14 14 14 14 15 14 13 14 14 Final Capacity 15 | 8 15 15 15 15 15 15 15 15 15 15 15 15 15 15 15 15 15 5 Final Carried 15 | 7 15 15 10 15 15 9 15 15 15 15 13 15 15 15 14 14 15 5 Scrap Engine Consumption 313 | . . . . . . 44 74 27 12 8 25 43 5 . 39 1 19 16 Constructs Created 22 | . . . . . . 4 2 . . . 3 5 2 . 2 . 1 3 Constructs Modified 108 | . . . . . . 14 31 13 5 4 6 7 2 . 12 1 3 10 Class Distribution -------------------- 46% | Construct 35% | Mutant 9% | Commander-Construct 8% | Scavenger-Mutant Dominant Class ---------------- Mutant | -10/Materials Mutant | -10/Mines Mutant | -10/Subcaves Scavenger-Mutant | -8/Materials Mutant | -8/Storage Construct | -8/Recycling Construct | -6/Factory Construct | -6/Extension Commander-Construct | -6/Cetus Commander-Construct | -6/Archives Construct | -6/Hub_04(d) Construct | -5/Factory Construct | -5/Upper Caves Construct | -5/Upper Caves Commander-Construct | -5/Warlord Construct | -4/Proximity Caves Construct | -4/Factory Construct | -4/Armory Resources | -11 -10 -10 -10 -8 -8 -8 -6 -6 -6 -6 -6 -5 -5 -5 -5 -4 -4 -4 ----------- Run | Yrd Mat Min Sub Mat Sto Rec Fac Ext Cet Arc Hub Fac Upp Upp War Pro Fac Arm Matter Collected 12552 | 261 326 108 417 1037 1966 577 1855 571 203 88 1330 1347 117 21 1255 136 550 387 Remotely 692 | . . . . . . . . . . . . . . . 692 . . . Salvage Created 15135 | 123 517 93 302 962 2250 407 2286 1215 96 302 1883 2071 35 . 1541 164 556 332 Parts 675 | 7 39 7 18 52 91 19 95 48 3 18 96 87 5 . 37 3 25 25 Haulers Intercepted 10 | . 2 . . 3 2 . 1 . . . . 2 . . . . . . Recyclers Shooed 18 | . . . . 1 4 2 6 1 . . . 4 . . . . . . Parts Field Recycled . | . . . . . . . . . . . . . . . . . . . Retrieved Matter . | . . . . . . . . . . . . . . . . . . . Parts Self-Destructed 18 | . . . 10 . . . . . . . . . 3 . . 5 . . Prevented . | . . . . . . . . . . . . . . . . . . . Kills | -11 -10 -10 -10 -8 -8 -8 -6 -6 -6 -6 -6 -5 -5 -5 -5 -4 -4 -4 ------- Run | Yrd Mat Min Sub Mat Sto Rec Fac Ext Cet Arc Hub Fac Upp Upp War Pro Fac Arm Combat Hostiles Destroyed 263 | . 13 2 12 25 36 7 31 16 2 2 37 30 5 . 27 3 10 5 Melee 1 | . . . . . . . . . . . . . . . . . . 1 Guns 133 | . 5 . . 2 36 7 26 8 2 1 13 26 . . 7 . . . Cannons 104 | . 8 2 12 16 . . 4 5 . 1 21 . 1 . 19 3 9 3 AOE 17 | . . . . 7 . . . . . . . 4 4 . 1 . . 1 Classes Destroyed 24 | 2 4 1 2 1 3 . 2 3 . . 1 1 . . 4 . . . Worker 16 | . . . . . 2 . 3 1 . . 10 . . . . . . . Builder 10 | . . . . 1 . . 1 2 . . 5 . . . . . 1 . Tunneler 4 | 3 . . . . . . 1 . . . . . . . . . . . Hauler 10 | . 2 . . 3 2 . 1 . . . . 2 . . . . . . Recycler 14 | 1 . . . 1 3 1 3 2 . . . 3 . . . . . . Mechanic 2 | . . . . . 1 . 1 . . . . . . . . . . . Operator 7 | . . . . . . . . 1 . 5 . . . . . . . 1 Watcher 22 | . 3 . . 3 2 . 3 2 . . 5 2 . . . . 1 1 Swarmer 37 | . 3 . . 7 4 . 4 2 . . 7 4 5 . . 1 . . Saboteur 4 | . . . . . . . . . . . 1 1 . . 1 . . 1 Grunt 94 | . 10 . . 12 19 . 13 5 . . 13 13 . . 6 1 2 . Brawler 5 | . . . . . 3 . 1 . . . . . . . 1 . . . Duelist 5 | . . . . . . . . 1 . . . 3 . . . . . 1 Protector 7 | . . . . . . . . . . . . 2 . . 5 . . . Sentry 42 | . . 2 . 6 10 1 2 6 . 2 7 4 . . . 1 1 . Demolisher 2 | . . . . . . . . . . . . . . . 2 . . . Specialist 2 | . . . . . . . . . . . . . . . 1 . . 1 Hunter 15 | . . . . . . . 5 1 . . 3 1 . . . . 4 1 Programmer 22 | . . . . . . . 6 . . . 5 2 . . 5 . 3 1 Behemoth 4 | . . . . . . . . 1 . . 1 . . . 2 . . . Cetus Guard 2 | . . . . . . . . . 2 . . . . . . . . . Striker 2 | . . . . . . . . . . . . . . . 2 . . . Executioner 1 | . . . . . . . . . . . . . . . 1 . . . Artisan 1 | . . . 1 . . . . . . . . . . . . . . . Subdweller 18 | . . . 12 . . 6 . . . . . . . . . . . . Surgeon 1 | . . . . . . . . . . . . . . . 1 . . . Savage 1 | . . . . . . . . . . . . . . . 1 . . . Best Kill Streak 13 | 2 3 2 5 5 13 4 5 6 1 3 6 10 4 . 4 2 3 2 Combat Bots Only 13 | . 3 2 5 4 13 2 4 4 1 2 6 10 4 . 4 2 3 2 Max Kills in Single Turn 4 | 1 2 1 1 4 2 1 2 2 1 1 3 2 3 . 2 1 2 1 Gunslinging 1 | . . . . . . . . . . . . 1 . . . . . . Exploded 4 | . . . . 4 . . . . . . . 2 3 . 1 . . 1 Melee 1 | . . . . . . . . . . . . . . . . . . 1 Uniques/NPCs Destroyed . | . . . . . . . . . . . . . . . . . . . Combat | -11 -10 -10 -10 -8 -8 -8 -6 -6 -6 -6 -6 -5 -5 -5 -5 -4 -4 -4 -------- Run | Yrd Mat Min Sub Mat Sto Rec Fac Ext Cet Arc Hub Fac Upp Upp War Pro Fac Arm Hostile Shots Fired 2373 | 2 33 6 69 106 195 11 291 171 10 4 277 156 8 6 259 19 277 473 Missed 834 | . 12 2 23 31 46 2 85 77 6 2 91 41 5 5 95 8 130 173 Hits 1539 | 2 21 4 46 75 149 9 206 94 4 2 186 115 3 1 164 11 147 300 Melee 39 | . . . . 5 5 . . . . . . 5 . . . . . 24 Projectile 1500 | 2 21 4 46 70 144 9 206 94 4 2 186 110 3 1 164 11 147 276 AOE 10 | 2 . . . . . . . . . . . . . . 8 . . . Critical Strikes 86 | . . 1 3 11 10 . 6 . 2 . 7 11 . . 5 . 15 15 Part Disruptions 1 | . . . . . . . . . . . . . . . . . 1 . Damage Taken 24210 | 75 264 96 1049 897 2020 154 3119 809 150 46 3010 2195 42 17 2171 630 1981 5485 Core 3052 | 39 73 . 122 111 241 18 319 110 33 . 216 195 . . 255 160 43 1117 Absorbed by Shields 2166 | . . . . 303 319 28 248 198 27 . . . . . 572 . 471 . Ignored by Resistances 260 | . . . . . . . . . . . . 109 . . . . 151 . Regen/Repaired (Parts) 6755 | . . . . . 253 . 1710 563 329 55 882 1410 47 . 673 283 279 271 Core Remaining (%) 36 | 84 . . 6 . . 32 . . . . 20 . . . . 39 . . Volleys Fired 1130 | 13 37 6 55 88 189 44 167 50 13 27 134 115 4 . 74 16 64 34 Largest 4 | 2 2 2 2 2 2 2 3 3 3 3 3 4 3 . 4 4 4 4 Hottest 355 | 40 50 66 66 133 88 75 244 246 233 209 183 227 191 . 256 231 231 355 Shots Fired 2567 | 26 74 12 102 161 368 67 401 150 39 39 305 299 8 . 267 36 154 59 Gun 1449 | 26 40 . 1 15 358 46 312 89 39 6 110 293 2 . 65 13 31 3 Cannon 1096 | . 34 12 101 140 8 21 89 61 . 33 187 2 4 . 202 23 123 56 Launcher 21 | . . . . 5 2 . . . . . 8 4 2 . . . . . Special 1 | . . . . 1 . . . . . . . . . . . . . . Kinetic 1890 | 26 74 12 101 147 360 46 286 35 26 27 239 182 2 . 194 14 77 42 Thermal 630 | . . . . 9 6 21 108 115 13 12 58 113 2 . 72 22 62 17 Explosive 21 | . . . . 5 2 . . . . . 8 4 2 . . . . . Electromagnetic 25 | . . . 1 . . . 7 . . . . . 2 . . . 15 . Entropic 1 | . . . . . . . . . . . . . . . 1 . . . Robot Hit Streak 25 | 5 5 7 8 17 18 11 16 25 17 18 14 23 3 . 6 5 8 7 Robot Miss Streak 6 | 3 3 . 2 3 5 2 6 5 3 3 6 4 3 . 6 4 4 3 Penetration Max 1 | . . . . . . . 1 . . 1 1 . . . . . . . Secondary Targets 17 | . . . . . 3 1 2 . 1 . . 10 . . . . . . Max Gunslinging Chain 2 | . . . . . 1 1 1 . 1 . . 2 . . . . . . Shots Hit Robots 1546 | 15 46 4 70 100 247 36 234 107 35 32 196 200 4 . 114 13 66 27 Core Hits 809 | 7 24 3 24 55 88 13 113 66 18 16 124 155 6 . 57 6 22 12 Critical Kills 9 | . . . . . . . . 4 . . 2 . . . 3 . . . Critical Parts Destroyed 11 | . 1 . . . . 1 . . . . 3 . . . 3 1 2 . Critical Strikes 41 | . 4 . 2 4 . 1 . 6 1 . 5 5 . . 8 1 4 . Burn 8 | . . . . . . . . 2 1 . . 5 . . . . . . Meltdown 5 | . . . . . . . . 4 . . 1 . . . . . . . Destroy 16 | . 1 . . . . 1 . . . . 4 . . . 7 1 2 . Blast 12 | . 3 . 2 4 . . . . . . . . . . 1 . 2 . Melee Attacks . | . . . . . . . . . . . . . . . . . . . Impact . | . . . . . . . . . . . . . . . . . . . Slashing . | . . . . . . . . . . . . . . . . . . . Piercing . | . . . . . . . . . . . . . . . . . . . Sneak Attacks . | . . . . . . . . . . . . . . . . . . . Combat Hostiles . | . . . . . . . . . . . . . . . . . . . Follow-up Attacks . | . . . . . . . . . . . . . . . . . . . Damage Inflicted 40190 | 148 732 84 1534 2614 4396 624 5187 2554 943 1156 5761 5125 459 . 4608 415 2495 1355 Guns 20323 | 148 302 . 11 207 4294 624 3988 1496 943 138 1728 4605 24 . 1220 117 478 . Cannons 17709 | . 430 84 1523 1826 22 . 1079 1058 . 1018 3794 65 59 . 3388 298 1965 1100 Explosions 1924 | . . . . 539 71 . 105 . . . 197 439 376 . . . . 197 Melee . | . . . . . . . . . . . . . . . . . . . Ramming 234 | . . . . 42 9 . 15 . . . 42 16 . . . . 52 58 Kinetic 28769 | 148 732 84 1523 2033 4316 624 3369 716 623 845 4519 3227 29 . 3594 181 1313 893 Thermal 8971 | . . . . . . . 1520 1838 320 311 1003 1443 30 . 1014 234 854 404 Explosive 1425 | . . . . 539 71 . . . . . . 439 376 . . . . . Electromagnetic 791 | . . . 11 . . . 283 . . . 197 . 24 . . . 276 . Impact . | . . . . . . . . . . . . . . . . . . . Slashing . | . . . . . . . . . . . . . . . . . . . Piercing . | . . . . . . . . . . . . . . . . . . . Highest Corruption 25 | . . . . . 9 9 3 1 1 1 7 3 3 3 5 9 16 25 Average Corruption 5 | . . . . . 8 9 2 1 1 1 1 2 3 3 4 6 3 18 Corruption Purged 4 | . . . . . . . 3 . . 1 . . . . . . . . Corruption Blocked . | . . . . . . . . . . . . . . . . . . . Effects 317 | . . . . . 51 81 19 8 5 2 4 9 13 10 12 20 16 67 Message Errors 80 | . . . . . 11 22 10 3 2 1 1 3 3 . 3 4 5 12 Matter Fused 63 | . . . . . 8 17 2 . 3 . 1 1 3 4 5 4 4 11 Heat Flow Errors 39 | . . . . . 9 11 2 . . . . 2 . 2 1 2 2 8 Energy Discharges 33 | . . . . . 4 7 1 2 . . . 2 1 3 1 4 . 8 Parts Rejected 3 | . . . . . . . . . . . . . . . . . 1 2 Parts Fused 3 | . . . . . 1 1 . . . . . . . . . . 1 . Data Loss (minor) 34 | . . . . . 4 8 2 2 . . 1 1 4 . 1 2 2 7 Data Loss (major) 21 | . . . . . 4 5 2 . . . 1 . 1 1 . 2 . 5 Misfires 8 | . . . . . 3 4 . . . . . . . . . . . 1 Alerts 10 | . . . . . 2 3 . 1 . 1 . . 1 . 1 1 . . Misdirections 8 | . . . . . . . . . . . . . . . . . . 8 Weapon Failures 15 | . . . . . 5 3 . . . . . . . . . 1 1 5 Overload Shots . | . . . . . . . . . . . . . . . . . . . Overflow Damage 478 | . . . . 22 . . . . . 85 90 30 . . 60 18 94 79 Projectiles 396 | . . . . 5 . . . . . 85 88 . . . 60 18 62 78 Explosions 50 | . . . . 17 . . . . . . 2 30 . . . . . 1 Melee 32 | . . . . . . . . . . . . . . . . . 32 . Knockbacks 132 | . 4 . 23 22 . . 10 7 . 9 29 . 1 . 4 1 10 12 Impact 2 | . . . . . . . . . . . . . . . . . 1 1 Kinetic 121 | . 3 . 23 21 . . 9 5 . 9 26 . 1 . 4 1 8 11 Secondary 9 | . 1 . . 1 . . 1 2 . . 3 . . . . . 1 . Self-Inflicted Damage 361 | . . . . 32 39 . 7 . . . 185 . . . . . 26 72 Shots 5 | . . . . 1 1 . . . . . 2 . . . . . . 1 Rammed 18 | . . . . . . . 2 . . . 3 2 . . . . 1 10 Targets Rammed 27 | . . . . 6 2 . 2 . . . 3 2 . . . . 1 11 Kicked 8 | . . . . 6 2 . . . . . . . . . . . . . Crushed 1 | . . . . . . . . . . . . . . . . . . 1 Highest Temperature 463 | . 7 63 292 96 204 259 448 256 174 82 347 171 36 184 367 141 463 372 Average Temperature 82 | . 3 23 173 29 38 102 109 88 66 37 83 57 24 100 112 43 102 122 Received Heat Transfer 5501 | . 111 36 594 411 966 25 486 160 9 9 1149 666 . . 271 18 101 489 Effects 9 | . . . . . . . 1 . . . 1 . . . 4 . 1 2 Shutdowns 3 | . . . . . . . 1 . . . 1 . . . 1 . . . Energy Bleed 1 | . . . . . . . . . . . . . . . . . . 1 Interference 4 | . . . . . . . . . . . . . . . 3 . . 1 Damage (minor) 1 | . . . . . . . . . . . . . . . . . 1 . Siege Activations . | . . . . . . . . . . . . . . . . . . . Martial Activations . | . . . . . . . . . . . . . . . . . . . Shielding Activations . | . . . . . . . . . . . . . . . . . . . Robots Disrupted 4 | . . . . . . . 1 . . . . 3 . . . . . . Combat Hostiles 4 | . . . . . . . 1 . . . . 3 . . . . . . Robots Corrupted 2 | . . . . . . . 1 . . . . . . . . . 1 . Combat Hostiles 2 | . . . . . . . 1 . . . . . . . . . 1 . Parts Fried 5 | . . . . . . . 2 1 . . . . . . . . 2 . Impact Corruptions 4 | . . . . 1 . . . . . . 1 . . . . . 2 . Robots Melted 7 | . . . . . . . . 4 . . 3 . . . . . . . Combat Hostiles 6 | . . . . . . . . 3 . . 3 . . . . . . . Parts Melted 30 | . . . . . . . 7 13 1 1 2 2 . . 3 . 1 . Heat Transferred 12396 | . . . . . . . 2258 3554 518 185 1890 2731 . . . 296 814 150 Parts Sabotaged . | . . . . . . . . . . . . . . . . . . . Parts Stolen . | . . . . . . . . . . . . . . . . . . . Parts Stripped . | . . . . . . . . . . . . . . . . . . . Power Chain Reactions 2 | . . . . . . . . . . . . . . . . . . 2 Alert | -11 -10 -10 -10 -8 -8 -8 -6 -6 -6 -6 -6 -5 -5 -5 -5 -4 -4 -4 ------- Run | Yrd Mat Min Sub Mat Sto Rec Fac Ext Cet Arc Hub Fac Upp Upp War Pro Fac Arm Maximum Alert Level 3 | . . . . 2 2 . 1 1 1 . 3 3 . . . . . 1 Low Security (%) 67 | 100 100 100 . 31 35 100 56 69 81 100 27 . . . . . 100 94 Level 1 19 | . . . . 53 53 . 43 30 18 . 25 1 . . . . . 5 Level 2 11 | . . . . 15 10 . . . . . 45 72 . . . . . . Level 3 1 | . . . . . . . . . . . 1 25 . . . . . . Level 4 . | . . . . . . . . . . . . . . . . . . . Level 5 . | . . . . . . . . . . . . . . . . . . . High Security . | . . . . . . . . . . . . . . . . . . . Max Security . | . . . . . . . . . . . . . . . . . . . Peak Influence 988 | 5 114 35 . 438 485 122 344 339 221 192 988 828 . . . . 183 265 Initial 483 | . . . . . 158 122 200 146 147 39 11 483 . . . . . 25 Average 159 | . 35 1 . 253 257 9 189 144 160 114 340 602 . . . . 38 32 Influence Increases 10734 | 20 446 47 . 979 1173 166 1312 722 354 252 1827 1136 125 . 1018 60 492 605 Destroy 0b10 Robot/C 5360 | . 260 40 . 500 720 20 620 440 160 80 760 560 100 . 740 60 200 100 Destroy 0b10 Robot/NC 470 | 20 25 . . 40 50 5 65 40 10 25 100 45 . . 25 . 10 10 Destroy Leader 1024 | . 70 . . 122 168 . 188 54 . . 220 118 10 . . . 52 22 Allied During Kill 543 | . . . . . . . . 104 155 75 16 . . . 193 . . . Successful Hack 402 | . 30 6 . 25 28 19 54 48 9 . 55 80 . . . . 41 7 Select Force Hacks 120 | . . . . . . 120 . . . . . . . . . . . . Disable Machine 750 | . 15 . . 60 60 . 90 . . 60 255 75 . . . . 60 75 Destroy Structure 770 | . 1 1 . 52 27 2 20 6 20 12 331 138 . . . . 84 76 Advance Influence 200 | . . . . . . . 200 . . . . . . . . . . . Partial Spotted 90 | . . . . . . . . 30 . . 30 15 . . . . . 15 Lose Combat Pursuer 1005 | . 45 . . 180 120 . 75 . . . 60 105 15 . 60 . 45 300 Influence Decreases 10511 | 20 446 47 . 603 1235 480 1013 758 518 318 872 1433 631 185 342 736 438 436 Entered New Map 2264 | . . . . . 218 192 . 153 116 60 22 505 257 36 . 676 . 29 Time Decay 6206 | 20 436 47 . 573 607 253 703 585 302 238 592 568 374 149 242 60 239 218 Lost Part 449 | . 10 . . 30 70 . 10 . . . 30 50 . . 20 . 40 189 Lost Ally 348 | . . . . . 40 . . 20 100 20 78 10 . . 80 . . . Purge Threat 1244 | . . . . . 300 35 300 . . . 150 300 . . . . 159 . Squads Dispatched 60 | . 3 . . 1 6 . 12 4 . . 11 12 . . . . 7 4 Investigation 13 | . 1 . . . 1 . 4 4 . . 1 . . . . . 2 . Extermination 18 | . . . . . . . 5 . . . 5 2 . . . . 3 3 Reinforcement 16 | . 2 . . 1 1 . 3 . . . 4 3 . . . . 1 1 Assault 7 | . . . . . 2 . . . . . 1 4 . . . . . . Garrison 6 | . . . . . 2 . . . . . . 3 . . . . 1 . Intercept . | . . . . . . . . . . . . . . . . . . . Searches Triggered . | . . . . . . . . . . . . . . . . . . . Construction Impeded 4 | . . . . 1 1 . 1 . . . 1 . . . . . . . Haulers Reinforced 3 | . . . . . . . . . . . 1 1 . . . . 1 . Active Scanning Responses . | . . . . . . . . . . . . . . . . . . . Cargo Convoy Interrupts . | . . . . . . . . . . . . . . . . . . . Stealth | -11 -10 -10 -10 -8 -8 -8 -6 -6 -6 -6 -6 -5 -5 -5 -5 -4 -4 -4 --------- Run | Yrd Mat Min Sub Mat Sto Rec Fac Ext Cet Arc Hub Fac Upp Upp War Pro Fac Arm Distress Signals 25 | . . . . 5 4 3 2 . 2 . 4 1 . . 3 . . 1 Communications Jammed 23 | . . . . . . . . . . . . . . . . . . 23 Distress Signals 7 | . . . . . . . . . . . . . . . . . . 7 Times Spotted 512 | 2 17 2 15 45 53 9 50 28 9 17 46 42 6 1 96 3 25 46 Peak Tracking Total 17 | 2 3 1 7 6 8 1 5 4 5 1 6 8 5 4 17 3 9 16 Tactical Retreats 42 | . 1 . . 8 4 2 5 . . . 4 4 1 . 3 . 2 8 Traps | -11 -10 -10 -10 -8 -8 -8 -6 -6 -6 -6 -6 -5 -5 -5 -5 -4 -4 -4 ------- Run | Yrd Mat Min Sub Mat Sto Rec Fac Ext Cet Arc Hub Fac Upp Upp War Pro Fac Arm Traps Triggered 7 | . 2 1 . . . . . 2 . . 2 . . . . . . . Indirectly . | . . . . . . . . . . . . . . . . . . . Trap Hack Attempts . | . . . . . . . . . . . . . . . . . . . Triggered . | . . . . . . . . . . . . . . . . . . . Disarmed . | . . . . . . . . . . . . . . . . . . . Reprogrammed . | . . . . . . . . . . . . . . . . . . . Reused . | . . . . . . . . . . . . . . . . . . . Traps Extracted . | . . . . . . . . . . . . . . . . . . . Installed . | . . . . . . . . . . . . . . . . . . . Triggered . | . . . . . . . . . . . . . . . . . . . Machines | -11 -10 -10 -10 -8 -8 -8 -6 -6 -6 -6 -6 -5 -5 -5 -5 -4 -4 -4 ---------- Run | Yrd Mat Min Sub Mat Sto Rec Fac Ext Cet Arc Hub Fac Upp Upp War Pro Fac Arm Machines Disabled 54 | . 1 . . 4 4 . 6 1 2 4 17 5 . . 1 . 4 5 Max in Single Turn 5 | . 1 . . 1 1 . 1 1 . 1 5 1 . . 1 . 1 1 Garrison Access 3 | . . . . . 1 . . . . . 1 1 . . . . . . Network Hub 2 | . . . . . . . . . . . 2 . . . . . . . Machines Repaired . | . . . . . . . . . . . . . . . . . . . Machines Dismantled . | . . . . . . . . . . . . . . . . . . . Machines Sabotaged . | . . . . . . . . . . . . . . . . . . . Overloaded Fab Kills . | . . . . . . . . . . . . . . . . . . . Hacking | -11 -10 -10 -10 -8 -8 -8 -6 -6 -6 -6 -6 -5 -5 -5 -5 -4 -4 -4 --------- Run | Yrd Mat Min Sub Mat Sto Rec Fac Ext Cet Arc Hub Fac Upp Upp War Pro Fac Arm Machines Accessed 109 | . 6 2 1 11 13 11 15 12 1 . 10 10 3 . 6 . 5 3 Terminals 71 | . 6 1 . 8 9 5 9 11 1 . 9 4 . . . . 5 3 Fabricators 2 | . . . . . . . . . . . . 2 . . . . . . Repair Stations 6 | . . . . 1 1 . 4 . . . . . . . . . . . Recycling Units 13 | . . . . 1 2 4 2 1 . . . 3 . . . . . . Scanalyzers . | . . . . . . . . . . . . . . . . . . . Garrison Access 4 | . . . . 1 1 . . . . . 1 1 . . . . . . Total Hacks 352 | . 28 3 5 28 38 52 45 27 3 . 21 50 9 . 13 . 27 3 Successful 197 | . 14 3 5 13 21 40 21 8 1 . 14 26 9 . 13 . 8 1 Failed 155 | . 14 . . 15 17 12 24 19 2 . 7 24 . . . . 19 2 Catastrophic 22 | . . . . . 1 3 2 2 1 . 3 3 . . . . 5 2 Database Lockouts . | . . . . . . . . . . . . . . . . . . . Manual 178 | . 24 3 . 17 24 16 23 13 1 . 11 25 . . . . 19 2 Terminals 221 | . 28 2 . 20 23 17 30 25 3 . 19 24 . . . . 27 3 Fabricators 5 | . . . . . . . . . . . . 5 . . . . . . Repair Stations 19 | . . . . 4 3 . 12 . . . . . . . . . . . Recycling Units 48 | . . . . 2 10 12 3 2 . . . 19 . . . . . . Scanalyzers . | . . . . . . . . . . . . . . . . . . . Garrison Access 8 | . . . . 2 2 . . . . . 2 2 . . . . . . Terminal Hacks 101 | . 5 3 5 5 7 26 4 5 1 . 5 7 9 . 13 . 5 1 Record 45 | . . . 5 . . 21 . . . . . . 7 . 12 . . . Robot Schematic 1 | . 1 . . . . . . . . . . . . . . . . . Robot Analysis 2 | . . 2 . . . . . . . . . . . . . . . . Open Door 14 | . . 1 . . 4 . . 4 1 . . . 2 . 1 . . 1 Branch Access Points 3 | . . . . 1 . . . . . . . 1 . . . . 1 . Emergency Access Points 2 | . . . . . . . . . . . 1 1 . . . . . . Terminal Index 3 | . 1 . . . . 1 . . . . . 1 . . . . . . Alert Level 5 | . . . . 1 . . 1 . . . 1 1 . . . . 1 . Unreport Threat 10 | . . . . . 2 1 2 . . . 1 2 . . . . 2 . Locate Traps 2 | . . . . 1 . . . . . . 1 . . . . . . . Maintenance Status 1 | . . . . . . . . . . . . . . . . . 1 . Hauler Manifests 3 | . . . . . 1 . 1 . . . . 1 . . . . . . Registered Components 1 | . 1 . . . . . . . . . . . . . . . . . Zone Layout 7 | . 2 . . 2 . 1 . 1 . . 1 . . . . . . . Release Object 2 | . . . . . . 2 . . . . . . . . . . . . Fabricator Hacks 2 | . . . . . . . . . . . . 2 . . . . . . Network Status 1 | . . . . . . . . . . . . 1 . . . . . . Build 1 | . . . . . . . . . . . . 1 . . . . . . Repair Station Hacks 10 | . . . . 1 2 . 7 . . . . . . . . . . . Scan Component 6 | . . . . 1 1 . 4 . . . . . . . . . . . Repair 4 | . . . . . 1 . 3 . . . . . . . . . . . Recycling Unit Hacks 12 | . . . . . 1 3 2 . . . . 6 . . . . . . Report Inventory 3 | . . . . . . 1 . . . . . 2 . . . . . . Retrieve Components 9 | . . . . . 1 2 2 . . . . 4 . . . . . . Scanalyzer . | . . . . . . . . . . . . . . . . . . . Garrison Access Hacks 3 | . . . . . 1 . . . . . 1 1 . . . . . . Seal Access 3 | . . . . . 1 . . . . . 1 1 . . . . . . Unauthorized Hacks 69 | . 9 . . 7 10 11 8 3 . . 8 10 . . . . 3 . Terminals 57 | . 9 . . 6 7 7 8 3 . . 8 6 . . . . 3 . Track 4 | . . . . . . . . . . . 4 . . . . . . . Assimilate 2 | . 1 . . . . . . . . . 1 . . . . . . . Botnet 18 | . 2 . . 1 2 2 2 2 . . 2 3 . . . . 2 . Operators 1 | . 1 . . . . . . . . . . . . . . . . . Skim 32 | . 5 . . 5 5 5 6 1 . . 1 3 . . . . 1 . Fabricators . | . . . . . . . . . . . . . . . . . . . Repair Stations 1 | . . . . . 1 . . . . . . . . . . . . . Patch 1 | . . . . . 1 . . . . . . . . . . . . . Recycling Units 11 | . . . . 1 2 4 . . . . . 4 . . . . . . Reject 3 | . . . . 1 1 . . . . . . 1 . . . . . . Recyclers 1 | . . . . . . . . . . . . 1 . . . . . . Mask 3 | . . . . . 1 . . . . . . 2 . . . . . . Tunnel 4 | . . . . . . 4 . . . . . . . . . . . . Scanalyzers . | . . . . . . . . . . . . . . . . . . . Garrison Access . | . . . . . . . . . . . . . . . . . . . Data Cores Recovered 1 | . . . . . . . . 1 . . . . . . . . . . Used 1 | . . . . . . . . 1 . . . . . . . . . . Hacking Detections 80 | . 6 1 . 10 10 8 13 10 1 . 9 6 . . . . 4 2 Full Trace Events 10 | . . . . . . . 4 4 . . . . . . . . 2 . Feedback Events 1 | . . . . . . . . 1 . . . . . . . . . . Corruption 1 | . . . . . . . . 1 . . . . . . . . . . Feedback Blocked . | . . . . . . . . . . . . . . . . . . . Robot Schematics Acquired 1 | . 1 . . . . . . . . . . . . . . . . . Robots Built . | . . . . . . . . . . . . . . . . . . . Authchips . | . . . . . . . . . . . . . . . . . . . Time . | . . . . . . . . . . . . . . . . . . . Total Robot Build Rating . | . . . . . . . . . . . . . . . . . . . Part Schematics Acquired . | . . . . . . . . . . . . . . . . . . . Parts Built 2 | . . . . . . . . . . . . 2 . . . . . . Authchips . | . . . . . . . . . . . . . . . . . . . Time 117 | . . . . . . . . . . . . 117 . . . . . . Total Part Build Rating 14 | . . . . . . . . . . . . 14 . . . . . . Parts Repaired 4 | . . . . . 1 . 3 . . . . . . . . . . . Time 156 | . . . . . 60 . 96 . . . . . . . . . . . Parts Recycled . | . . . . . . . . . . . . . . . . . . . Recycled Matter . | . . . . . . . . . . . . . . . . . . . Retrieved Matter . | . . . . . . . . . . . . . . . . . . . Retrieved Components 29 | . . . . . 9 6 3 . . . . 11 . . . . . . Parts Scanalyzed . | . . . . . . . . . . . . . . . . . . . Part Schematics Acquired . | . . . . . . . . . . . . . . . . . . . Parts Damaged . | . . . . . . . . . . . . . . . . . . . Bothacking | -11 -10 -10 -10 -8 -8 -8 -6 -6 -6 -6 -6 -5 -5 -5 -5 -4 -4 -4 ------------ Run | Yrd Mat Min Sub Mat Sto Rec Fac Ext Cet Arc Hub Fac Upp Upp War Pro Fac Arm Used RIF Installer . | . . . . . . . . . . . . . . . . . . . Robots Hacked . | . . . . . . . . . . . . . . . . . . . Non-combat . | . . . . . . . . . . . . . . . . . . . Combat . | . . . . . . . . . . . . . . . . . . . Robot Hacks Applied . | . . . . . . . . . . . . . . . . . . . Relay Couplers Released . | . . . . . . . . . . . . . . . . . . . Fabnet Peak Effective % . | . . . . . . . . . . . . . . . . . . . Robots Rewired 12 | . . . . . . . . 7 . . . . . . 5 . . . Allies Hacked . | . . . . . . . . . . . . . . . . . . . Hacks Repelled . | . . . . . . . . . . . . . . . . . . . Allies | -11 -10 -10 -10 -8 -8 -8 -6 -6 -6 -6 -6 -5 -5 -5 -5 -4 -4 -4 -------- Run | Yrd Mat Min Sub Mat Sto Rec Fac Ext Cet Arc Hub Fac Upp Upp War Pro Fac Arm Total Allies 25 | . . . . . 2 . . 12 5 . 1 . . . 5 . . . Largest Group 13 | . . . . . 2 . . 11 13 10 6 . . . 5 . . . Highest-Rated Group 820 | . . . . . 62 . . 440 820 612 165 . . . 246 . . . Highest-Rated Ally 159 | . . . . . 31 . . 159 159 159 39 . . . 64 . . . Total Orders 12 | . . . . . . . . . . 2 3 2 . . 5 . . . STAY 6 | . . . . . . . . . . 1 2 . . . 3 . . . FOLLOW 4 | . . . . . . . . . . 1 1 . . . 2 . . . EXPLORE 2 | . . . . . . . . . . . . 2 . . . . . . Ally Attacks 261 | . . . . . 14 . . 32 58 27 18 . . . 112 . . . Total Damage 7631 | . . . . . 229 . . 820 1704 697 318 . . . 3863 . . . Kills 34 | . . . . . . . . 6 8 4 1 . . . 15 . . . Allies Corrupted 1 | . . . . . . . . . . . . . . . 1 . . . Allies Melted 3 | . . . 1 . . . . . . . . . . . 2 . . . Intel | -11 -10 -10 -10 -8 -8 -8 -6 -6 -6 -6 -6 -5 -5 -5 -5 -4 -4 -4 ------- Run | Yrd Mat Min Sub Mat Sto Rec Fac Ext Cet Arc Hub Fac Upp Upp War Pro Fac Arm Active Infowar (turns) 19452 | 3179 1721 1268 248 1782 894 708 927 752 . 152 723 955 869 386 2057 823 1056 952 Optics 3070 | . . . . . . . . . . . 66 . . . 1067 823 1056 58 Sensors 10070 | . . . . 566 894 708 927 752 . 152 657 955 869 386 1433 571 313 887 Seismic 8206 | 3179 1721 1268 248 1782 8 . . . . . . . . . . . . . Jamming 144 | . . . . . . . . . . . . . . . . . . 144 Robot Analysis Total 2 | . . 2 . . . . . . . . . . . . . . . . Derelict Logs Recovered 8 | . . 2 . . . . . . . . . . 3 1 . 2 . . Drone Launches 2 | . . . . . . . . . . . . 2 . . . . . . Drone Recoveries 1 | . . . . . . . . . . . . 1 . . . . . . Exploration | -11 -10 -10 -10 -8 -8 -8 -6 -6 -6 -6 -6 -5 -5 -5 -5 -4 -4 -4 ------------- Run | Yrd Mat Min Sub Mat Sto Rec Fac Ext Cet Arc Hub Fac Upp Upp War Pro Fac Arm Turns Passed 31326 | 3218 1721 1268 2181 1994 1974 2557 3042 1910 668 512 2232 1707 869 390 2057 823 1056 1147 Spaces Moved 17742 | 33 1075 605 1240 1114 802 1272 1652 1084 327 278 1716 1343 981 460 1515 577 930 738 Core 28 | . . . . . . . . . . . . . . . . . . 28 Treads 3507 | . . . . . . . 305 . 114 278 1716 1077 4 . . . . 13 Legs 10094 | 33 1075 605 1240 1114 802 947 1046 258 . . . 266 977 460 1271 . . . Wheels 626 | . . . . . . 325 301 . . . . . . . . . . . Hover 2205 | . . . . . . . . . . . . . . . 77 577 930 621 Flight 1282 | . . . . . . . . 826 213 . . . . . 167 . . 76 Fastest Speed 42 | 120 120 190 120 120 120 119 84 84 84 84 84 84 84 84 70 70 82 42 Average Speed 105 | 120 136 190 156 120 120 122 121 84 84 84 84 84 84 84 87 74 82 78 Slowest Speed 221 | 120 190 190 190 120 122 195 221 84 84 84 84 84 84 84 168 82 82 205 Overloaded Moves . | . . . . . . . . . . . . . . . . . . . Propulsion Burnouts . | . . . . . . . . . . . . . . . . . . . Robots Hopped 7 | . . . . . . . . 4 1 . . . . . . . . 2 Potential Cave-ins 4 | . . . . . . . . . . . 2 . . . . 2 . . Cave-ins Triggered 1 | . . . . . . . . . . . . . . . . 1 . . Exploration Rate (%) 67 | 7 97 95 44 77 89 99 47 85 71 89 86 31 93 52 97 64 30 35 Regions Visited 18 Branch Regions 13 Pre-discovered Areas 14 | . 1 . . 1 1 6 . . . . . . 1 1 1 2 . . Known Exits Taken 13 | . . 1 . 1 1 1 1 1 . . 1 1 1 1 1 1 1 . Unknown Exits Taken 5 | 1 1 . 1 . . . . . 1 1 . . . . . . . . Scrap Searched 11 | . . 1 2 . . . . . . . . . 4 2 . 2 . . Spaces Dug 119 | . . 1 . 4 17 1 12 . . . 33 21 . . 4 4 14 8 Terrain Destroyed 872 | . . 1 . 47 30 2 26 4 2 14 474 82 34 . 51 16 53 36 Melee . | . . . . . . . . . . . . . . . . . . . Projectile 341 | . . 1 . 16 5 2 25 4 2 14 78 52 1 . 51 16 53 21 AOE 529 | . . . . 31 25 . . . . . 395 30 33 . . . . 15 Terrain Rammed . | . . . . . . . . . . . . . . . . . . . Walls Destroyed . | . . . . . . . . . . . . . . . . . . . Machines Disabled . | . . . . . . . . . . . . . . . . . . . Actions | -11 -10 -10 -10 -8 -8 -8 -6 -6 -6 -6 -6 -5 -5 -5 -5 -4 -4 -4 --------- Run | Yrd Mat Min Sub Mat Sto Rec Fac Ext Cet Arc Hub Fac Upp Upp War Pro Fac Arm Total 28405 | 3187 1264 713 1383 1607 1575 2231 2411 1975 694 526 2270 1723 1020 463 2072 944 1107 1240 Wait 8770 | 3140 102 99 57 330 494 859 516 760 335 214 368 206 27 . 408 350 78 427 Move 17710 | 32 1074 604 1239 1113 801 1271 1651 1075 324 277 1715 1342 980 459 1514 575 930 734 Hop 7 | . . . . . . . . 4 1 . . . . . . . . 2 Pick Up 136 | 1 16 2 8 20 15 6 20 3 3 1 7 14 2 . 7 1 8 2 Fast Attach 98 | 1 4 . 5 6 8 4 11 2 6 . 10 10 1 2 10 . 3 15 Attach 43 | . 1 . 3 7 6 1 5 . 1 1 3 4 . . 3 1 5 2 Detach 25 | . 1 . 3 1 1 5 4 . 1 . 1 3 1 . 1 . 2 1 Swap 157 | . 9 . 4 21 37 17 13 9 1 3 11 8 1 . 10 . 11 2 Drop 202 | . 20 2 5 15 22 24 22 5 9 3 18 19 4 2 17 . 5 10 Fire 1130 | 13 37 6 55 88 189 44 167 50 13 27 134 115 4 . 74 16 64 34 Melee . | . . . . . . . . . . . . . . . . . . . Ram 2 | . . . . . . . 2 . . . . . . . . . . . Kick 8 | . . . . 6 2 . . . . . . . . . . . . . Crush 16 | . . . . . . . . . . . 3 2 . . . . . 11 Escape Stasis 1 | . . . . . . . . . . . . . . . . 1 . . Rewire 95 | . . . . . . . . 67 . . . . . . 28 . . . Trap . | . . . . . . . . . . . . . . . . . . . Miscellaneous 5 | . . . 4 . . . . . . . . . . . . . 1 . Route ------- -11/Scrapyard -10/Materials (discovered 6 exits: *Mat x3 / *Min x2 / Sub) -10/Mines (discovered 3 exits: *Mat x2 / *Sub) -10/Subcaves -8/Materials (discovered 4 exits: *Fac x3 / *Sto) -8/Storage (discovered 2 exits: *Fac / *Rec) -8/Recycling -6/Factory (discovered 8 exits: Fac x4 / *Low x2 / *Ext x2) -6/Extension (discovered 2 exits: *Fac / *Cet) -6/Cetus (discovered 2 exits: *Fac / *Arc) -6/Archives (discovered 3 exits: *Fac / *Hub x2) -6/Hub_04(d) (discovered 4 exits: *Fac x4) -5/Factory (discovered 2 exits: *Upp x2) -5/Upper Caves (discovered 2 exits: *Upp / *War) -5/Upper Caves (discovered 2 exits: *Fac / *War) -5/Warlord -4/Proximity Caves -4/Factory (discovered 5 exits: *Res x2 / Upp x2 / *Arm) -4/Armory (discovered 1 exit: Res) History --------- Turn | Location | Event 24 | -11/Scrapyard | Discovered new exit (range 3) 3219 | -11/Scrapyard | Assembled infested the area 3219 | -11/Scrapyard | Entered Materials 3220 | -10/Materials | Build established: Mutant 3537 | -10/Materials | Discovered new exit (range 5) 3827 | -10/Materials | Discovered new exit (range 14) 3929 | -10/Materials | Discovered new exit (range 11) 4271 | -10/Materials | Discovered new exit (range 16) 4340 | -10/Materials | Discovered new exit (range 4) 4365 | -10/Materials | Learned location of 1 exit from Storage 4422 | -10/Materials | Identified exit to Subcaves 4544 | -10/Materials | Learned location of 1 exit from Recycling 4940 | -10/Materials | Entered Mines 4941 | -10/Mines | Met a Derelict bent on vengeance 4941 | -10/Mines | Identified exit to Materials 5044 | -10/Mines | Learned Materials terminal intel 5500 | -10/Mines | Met a Derelict who couldn't figure out how to use a Trap Extractor 5766 | -10/Mines | Received a Rocket Launcher from a helpful Derelict 5856 | -10/Mines | Learned Materials trap positions 6208 | -10/Mines | Entered Subcaves 6445 | -10/Subcaves | Ambushed by swarm of Subdwellers 6469 | -10/Subcaves | Core integrity fell below 50% 6501 | -10/Subcaves | Lost 4 allies 6756 | -10/Subcaves | Discovered new exit (range 10) 6826 | -10/Subcaves | Visited Clippyterm 6831 | -10/Subcaves | Learned Research security intel 6831 | -10/Subcaves | Learned 40 Factory zone layouts 7618 | -10/Subcaves | Ambushed by angry Subdweller bent on revenge 7865 | -10/Subcaves | Disturbed a concealed Subdweller 8030 | -10/Subcaves | Core integrity fell below 20% 8389 | -10/Subcaves | Entered Materials 8389 | -8/Materials | Evolved 4 slots: Propulsion x2, Utility x2 8390 | -8/Materials | Loaded intel: 9 trap records 8391 | -8/Materials | Loaded intel: 12 terminal locations 9105 | -8/Materials | Discovered new exit (range 10) 9149 | -8/Materials | Build established: Scavenger-Mutant 9158 | -8/Materials | Discovered new exit (range 16) 9406 | -8/Materials | Discovered new exit (range 4) 9966 | -8/Materials | Identified exit to Storage 10157 | -8/Materials | Identified exit to Factory 10253 | -8/Materials | Learned Factory trap positions 10269 | -8/Materials | Learned location of 2 exits from Factory 10276 | -8/Materials | Learned 8 Factory zone layouts 10277 | -8/Materials | Learned Factory non-interactive machine intel 10285 | -8/Materials | Learned location of 1 exit from Recycling 10330 | -8/Materials | Learned 2 Storage zone layouts 10369 | -8/Materials | Learned Factory stockpile data 10383 | -8/Materials | Entered Storage 10385 | -8/Storage | Identified exit to Recycling 10685 | -8/Storage | Build established: Mutant 11029 | -8/Storage | Met a pair of Derelict thieves 11098 | -8/Storage | Garrison activated, responded to threat 11204 | -8/Storage | Destroyed 13 combat bots 11211 | -8/Storage | Lost 4 parts (2n2u) 11514 | -8/Storage | Core integrity fell below 50% 12096 | -8/Storage | Learned Factory trap positions 12216 | -8/Storage | Learned Factory stockpile data 12260 | -8/Storage | Learned location of 2 exits from Factory 12290 | -8/Storage | Build established: Scavenger-Mutant 12304 | -8/Storage | Repaired Enh. Autogun 12320 | -8/Storage | Learned location of Extension (-6) 12353 | -8/Storage | Used back door to open Recycling access 12357 | -8/Storage | Entered Recycling 12358 | -8/Recycling | Met a Zionite searching for Scraptown 12358 | -8/Recycling | Identified exit to Factory 12742 | -8/Recycling | Learned Factory repair station intel 12824 | -8/Recycling | Learned Factory garrison access intel 12850 | -8/Recycling | Learned location of Lower Caves (-7) 12864 | -8/Recycling | Learned 4 Factory zone layouts 12867 | -8/Recycling | Learned Factory emergency access door positions 12938 | -8/Recycling | Learned 8 Factory zone layouts 13263 | -8/Recycling | Entered Scraplab 13281 | -8/Recycling | Found Prototype Device 13281 | -8/Recycling | Identified Scrap Engine 13607 | -8/Recycling | Build established: Mutant 13929 | -8/Recycling | Build established: Construct 14914 | -8/Recycling | Entered Factory 14914 | -6/Factory | Evolved 4 slots: Propulsion x1, Utility x2, Weapon x1 14915 | -6/Factory | Identified exit to Factory 14915 | -6/Factory | Identified exit to Extension 14916 | -6/Factory | Identified exit to Lower Caves 14918 | -6/Factory | Loaded intel: 124 trap records 14921 | -6/Factory | Loaded intel: 209 non-interactive machine locations 14922 | -6/Factory | Loaded intel: 6 repair station locations 14923 | -6/Factory | Loaded intel: 3 garrison access locations 15784 | -6/Factory | Repaired Hrd. Light Armor Plating 16161 | -6/Factory | Spotted B-75 Beast 16865 | -6/Factory | Repaired Broken Hardlight Generator 16964 | -6/Factory | Learned 4 Extension zone layouts 17446 | -6/Factory | Repaired Imp. Light Armor Plating 17956 | -6/Factory | Entered Extension 17957 | -6/Extension | Identified exit to Cetus 18851 | -6/Extension | Rescued a captive Derelict 18878 | -6/Extension | Rescued A7 19063 | -6/Extension | Spotted B-75 Beast 19068 | -6/Extension | Destroyed B-75 Beast 19083 | -6/Extension | Spotted B-75 Beast 19116 | -6/Extension | Allies destroyed B-75 Beast 19189 | -6/Extension | Rescued a captive Derelict 19278 | -6/Extension | Core integrity fell below 50% 19353 | -6/Extension | Rescued a captive Derelict 19359 | -6/Extension | Rescued a captive Derelict 19636 | -6/Extension | Build established: Commander-Construct 19866 | -6/Extension | Entered Cetus 19866 | -6/Cetus | Accompanied by 11 allies (A7) 19871 | -6/Cetus | Acquired a Cetus Manufacturing Module code from A7 19904 | -6/Cetus | Spotted Cetus Guard 19906 | -6/Cetus | Spotted Cetus Guard 19907 | -6/Cetus | Spotted Cetus Guard 19915 | -6/Cetus | Allies destroyed Cetus Guard 19923 | -6/Cetus | Destroyed Cetus Guard 19925 | -6/Cetus | Allies destroyed Cetus Guard 19947 | -6/Cetus | Lost 3 allies 19994 | -6/Cetus | Started Cetus Manufacturing Module 20004 | -6/Cetus | Escorted A7 to Cetus Mainframe 20019 | -6/Cetus | Manufactured an Enhanced Grunt 20044 | -6/Cetus | Manufactured an Enhanced Grunt 20069 | -6/Cetus | Manufactured an Enhanced Grunt 20094 | -6/Cetus | Manufactured an Enhanced Grunt 20119 | -6/Cetus | Manufactured an Enhanced Grunt 20136 | -6/Cetus | Discovered new exit (range 16) 20203 | -6/Cetus | Spotted Cetus Guard 20203 | -6/Cetus | Spotted Cetus Guard 20205 | -6/Cetus | Spotted Cetus Guard 20205 | -6/Cetus | Spotted Cetus Guard 20217 | -6/Cetus | Destroyed Cetus Guard 20221 | -6/Cetus | Allies destroyed Cetus Guard 20221 | -6/Cetus | Allies destroyed Cetus Guard 20226 | -6/Cetus | Allies destroyed Cetus Guard 20235 | -6/Cetus | Discovered exit to Factory (range 16) 20241 | -6/Cetus | Met Revision 17 20268 | -6/Cetus | Found Prototype Device 20268 | -6/Cetus | Identified Exp. Thermal Shield 20534 | -6/Cetus | Entered Archives 20534 | -6/Archives | Accompanied by 10 allies (A7) 20539 | -6/Archives | Received a hacking code to weaken MAIN.C 20583 | -6/Archives | Discovered exit to Factory (range 16) 20604 | -6/Archives | Lost 3 allies 20699 | -6/Archives | Unable to access archive contents 20702 | -6/Archives | Discovered new exit (range 15) 20707 | -6/Archives | Unable to access archive contents 20721 | -6/Archives | Unable to access archive contents 20729 | -6/Archives | Unable to access archive contents 20856 | -6/Archives | Discovered new exit (range 16) 21046 | -6/Archives | Entered Hub_04(d) 21046 | -6/Hub_04(d) | Accompanied by 6 allies 21205 | -6/Hub_04(d) | Discovered exit to Factory (range 6) 21207 | -6/Hub_04(d) | Lost 4 allies 21466 | -6/Hub_04(d) | Discovered exit to Factory (range 3) 21479 | -6/Hub_04(d) | Build established: Construct 22089 | -6/Hub_04(d) | Spotted B-75 Beast 22139 | -6/Hub_04(d) | Destroyed B-75 Beast 22338 | -6/Hub_04(d) | Discovered exit to Factory (range 12) 22419 | -6/Hub_04(d) | Discovered exit to Factory (range 16) 22796 | -6/Hub_04(d) | First assault squad dispatched 23247 | -6/Hub_04(d) | Network Hub disabled 23273 | -6/Hub_04(d) | Network Hub disabled 23276 | -6/Hub_04(d) | Spotted Lightning 23277 | -6/Hub_04(d) | Spotted Lightning 23278 | -6/Hub_04(d) | Entered Factory 23278 | -5/Factory | Evolved 2 slots: Utility x1, Weapon x1 23280 | -5/Factory | Loaded intel: 79 trap records 23340 | -5/Factory | Identified exit to Upper Caves 23578 | -5/Factory | First assault squad dispatched 23677 | -5/Factory | Fabricated Myomer Leg? 23923 | -5/Factory | Garrison activated, responded to threat 24020 | -5/Factory | Destroyed 7 combat bots 24487 | -5/Factory | Destroyed 10 combat bots 24495 | -5/Factory | Lost 3 parts (1p2w) 24553 | -5/Factory | Spotted B-75 Beast 24985 | -5/Factory | Entered Upper Caves 24988 | -5/Upper Caves | A Derelict revealed a hidden shortcut to "reach the base" 24992 | -5/Upper Caves | Learned location of Armory (-4) 25081 | -5/Upper Caves | Learned location of 1 exit from Factory 25118 | -5/Upper Caves | Identified exit to Warlord 25273 | -5/Upper Caves | Encountered a Warlord checkpoint 25539 | -5/Upper Caves | Entered an active Warlord outpost 25554 | -5/Upper Caves | Learned Research trap positions 25554 | -5/Upper Caves | Learned location of 1 exit from Research 25554 | -5/Upper Caves | Learned Factory terminal intel 25554 | -5/Upper Caves | Learned Research terminal intel 25726 | -5/Upper Caves | Learned 12 Factory zone layouts 25729 | -5/Upper Caves | Discovered new exit (range 4) 25853 | -5/Upper Caves | Identified exit to Upper Caves 25854 | -5/Upper Caves | Entered another Upper Caves area 25856 | -5/Upper Caves | Encountered a Warlord checkpoint 25886 | -5/Upper Caves | Discovered new exit (range 15) 25900 | -5/Upper Caves | Identified exit to Factory 26175 | -5/Upper Caves | Discovered exit to Warlord (range 16) 26244 | -5/Upper Caves | Entered Warlord 26265 | -5/Warlord | Discovered new exit (range 15) 26345 | -5/Warlord | System corruption cleaned by Quarantine Array 26745 | -5/Warlord | Warlord's base attacked by MAIN.C 26794 | -5/Warlord | Learned 4 Armory zone layouts 26794 | -5/Warlord | Learned 4 Research zone layouts 26794 | -5/Warlord | Learned 4 Command zone layouts 26795 | -5/Warlord | Learned Armory garrison access intel 26795 | -5/Warlord | Learned Research recycling unit intel 26829 | -5/Warlord | Build established: Commander-Construct 26843 | -5/Warlord | Found Prototype Energy Cannon 26853 | -5/Warlord | Found Prototype Energy Cannon 26913 | -5/Warlord | Met Warlord 27095 | -5/Warlord | Warlord forces counterattacked 27107 | -5/Warlord | Spotted Striker 27166 | -5/Warlord | Spotted Striker 27166 | -5/Warlord | Spotted Striker 27173 | -5/Warlord | Destroyed Striker 27180 | -5/Warlord | Destroyed Striker 27224 | -5/Warlord | Identified Vortex Cannon (x2) 27234 | -5/Warlord | Found Prototype Processor 27234 | -5/Warlord | Identified Spectral Analyzer 27237 | -5/Warlord | Lost 13 allies 27304 | -5/Warlord | Spotted Striker 27306 | -5/Warlord | Spotted Striker 27317 | -5/Warlord | Allies destroyed Striker 27350 | -5/Warlord | Allies destroyed Striker 27373 | -5/Warlord | Spotted B-86 Titan 27376 | -5/Warlord | Spotted B-75 Beast 27405 | -5/Warlord | Destroyed B-86 Titan 27420 | -5/Warlord | Warlord base infiltrated, sounded retreat 27428 | -5/Warlord | Spotted Striker 27436 | -5/Warlord | Spotted Executioner 27453 | -5/Warlord | Allies destroyed B-75 Beast 27516 | -5/Warlord | Found Prototype Hackware 27575 | -5/Warlord | Spotted B-86 Titan 27578 | -5/Warlord | Spotted Executioner 27578 | -5/Warlord | Spotted B-75 Beast 27630 | -5/Warlord | Lost 4 allies 27664 | -5/Warlord | Destroyed Executioner 27702 | -5/Warlord | Spotted B-86 Titan 27709 | -5/Warlord | Spotted Striker 27733 | -5/Warlord | Destroyed B-86 Titan 27758 | -5/Warlord | Lost 6 allies 27788 | -5/Warlord | Found Prototype Processor 27788 | -5/Warlord | Identified Exp. Melee Analysis Suite 27879 | -5/Warlord | Build established: Construct 27904 | -5/Warlord | Spotted Striker 28166 | -5/Warlord | Spotted Striker 28300 | -5/Warlord | Identified exit to Proximity Caves 28301 | -5/Warlord | Entered Proximity Caves 28591 | -4/Proximity Caves | Spotted B-86 Titan 28872 | -4/Proximity Caves | Crushed by falling debris 28873 | -4/Proximity Caves | Core integrity fell below 50% 28938 | -4/Proximity Caves | Attracted the attention of an 0b10 checkpoint 28988 | -4/Proximity Caves | Learned location of Quarantine (-2) 29064 | -4/Proximity Caves | Discovered exit to Factory (range 8) 29124 | -4/Proximity Caves | Entered Factory 29124 | -4/Factory | Evolved 2 slots: Power x1, Utility x1 29125 | -4/Factory | Identified exit to Research 29127 | -4/Factory | Loaded intel: 26 terminal locations 29349 | -4/Factory | Garrison activated, responded to threat 29498 | -4/Factory | Identified exit to Upper Caves 29498 | -4/Factory | Identified exit to Armory 29910 | -4/Factory | Discovered exit to Research (range 10) 30130 | -4/Factory | System corruption reached 10% 30180 | -4/Factory | Entered Armory 31167 | -4/Armory | Spotted B-86 Titan 31199 | -4/Armory | Lost 14 parts (4p3n3u4w) 31242 | -4/Armory | Core integrity fell below 50% 31313 | -4/Armory | Released all parts (5) 31316 | -4/Armory | Core integrity fell below 20% 31327 | -4/Armory | Destroyed by P-70 Sage with High-powered Shock Rifle Last Messages --------------- 31312_ Slug penetrates Wall. 31312_ Penetrated by Slug. 31312_ Slug penetrates Wall. 31312_ Penetrated by Slug. 31312_ Biometal Heavy Treads destroyed. 31313_ Released Adv. Coolant Injector. 31313_ Released Adv. Transmission Jammer. 31313_ Released Adv. Targeting Computer. 31313_ Released Lrg. Storage Unit. 31313_ Released Adv. Signal Interpreter. 31314_ Slug penetrates Wall. 31315_ Holding Depot disabled. 31315_ Penetrated by Slug. 31315_ Slug penetrates Wall. 31315_ Penetrated by Slug. 31318_ P-70 Sage resets P-70 Sage, system corruption cleaned. 31324_ Slug penetrates Wall. 31327_ System corrupted: Energy discharge (-33). 31327_ C-30 ARC bursts open, deploying its payload. 31327_ P-70 Sage unfolds itself. Map ----- +----------------------------------------------------+ | ? # #?# #????????????????# | | ? # #?# < #????????????????# | | ? # ###### #?# #????????????????# | | ? #+###### #?####++####????????????????# | | ? # # #???# #????????????????########+# | | ? # "" # #???# #????????????????# # # | | ? # "" # #???## ##????????????????# # # | | ?## T" # #????# #?????????????????# # # | | ??# "" + #????# #?????????????????# === # # | | ??# "" # #????# #?????????????????# == # # | | ??# # #????# ####??????????????# == + | | ?######### ##???# ??????????????# # | | ? # #???# ??????????????# # | | ?????????????????### ##????????????# # | | ????????????H????? %p #????????????# # | | ??????????????????? +????????????# ### | | ???????????????????# #????????????# #?? | | ???????????????????# #######+#????# #?? | | ???????????????????# == #############?? | | ???????????????????# == ## ?????? | | ???????????????????# == m ## """ """ "" | | ???????????????????# ## """ """ "" | | ???????????????????# ## """ """ "" | | ???????????????????+ # """ "" | | ???????????????????# # """ "" | | ???????????????????# @ + | | ???????????????????# ##+####### # | | ???????????????????????????????## # | | ????????????????????????????????# # | | ????????????????????????????????# ###+########## | | ????????????????????????????????# | | ????????????????????????????????# | | ????????????????????????????????# | | ????????????????????????????????# """"" """"" " | | ????????????????????????????????# """"" """"" " | | ????????????????????????????????# """" """"" " | | ?????????????????????????######## "" " """"" " | | ?????????????????????????# # | | ?????????????????????????# # | | ?????????????????????????# + | | ?????????????????????????# # | | ?????????????????????????# # "########### | | ?????????????????????????# #+##"+]####??????? | | ?????????????????????????######## [![]! #??????? | | ????????????????????????????????# *]]!!=]#??????? | | ????????????????????????????????# **[===!#??????? | | ????????????????????????????????# ]|!!!=!#??????? | | ????????????????????????????????###########??????? | | ?????????????????????????????????????????????????? | | ?????????????????????????????????????????????????? | +----------------------------------------------------+ Best States ------------- Heat Dissipation 78 Coolant Potential 120 Energy Generation 49 Energy Capacity 858 Matter Stores 300 Matter Capacity 300 Sight Range 24 Robot Scan Range 16 Terrain Scan Density 10 Jamming Range 16 EM Shielding 2 Armor Coverage 800 Resistance: KI 25 Resistance: TH 30 Evasion (%) 61 Targeting Accuracy 8 Core Analysis 6 Recoil Reduction 5 Offensive Hacking 14 Authchip Count 1 Item Schematics ----------------- None Robot Schematics ------------------ M-13 Machinist | -10/Materials | Hacked Fabricated ------------ Myomer Leg | x2 | -5/Factory | Preloaded Repaired ---------- Enh. Autogun | 1% | -8/Storage Hrd. Light Armor Plating | 4% | -6/Factory Hardlight Generator | 16% | -6/Factory | Broken Imp. Light Armor Plating | 33% | -6/Factory Alien Tech Used ----------------- None Achievements -------------- Curiosity Killed The Cat Challenges ------------ None Game ------ Seed CompactAutogunMatterbank Manual? 0 Play Time 05:12:14 Cumulative 266.7 hours Start 2025.05.28 @ 15:45:37 End 2025.06.01 @ 21:21:53 Sessions 3 Manual Loads 0 Difficulty Rogue Special Mode None Game No. 174 Rogue 174 Adventurer 0 Explorer 0 Win Type - Total 2 Types 1/0/0/1/0/0/0/0/0/0 Lore% 78 Gallery% 63 Achievement% 62 Wizard Run 0 Options --------- Layout 0 ASCII 0 Keyboard 0 Movement Mouse Keybinds 0 Fullscreen 1 Font 18/SmallcapsGlow Map View 76x50 Zoom Use 0% Tactical HUD 1 Map Filters NONE Filters NONE Steam 1 RUN: 231258a8-27fc-443e-8bf0-71b6274d42ea